 Dungeon Sprint DCSS version 0.31-a0-588-g14bffd4ff3 (webtiles) character file.

Game seed: 15156842675456326590

267 Conn the Arsonist (level 6, 0/36 HPs)
             Began as an Octopode Fire Elementalist on Aug 19, 2023.
             Slain by a centaur warrior (3 damage)
             ... in the Dungeon (Sprint I: "Red Sonja").
             The game lasted 00:02:36 (303 turns).

Conn the Arsonist (Octopode Fire Elementalist)       Turns: 303, Time: 00:02:37

Health: 0/36       AC:  1    Str:  8    XL:     6   Next: 21%
Magic:  7/15       EV: 14    Int: 19    God:
Gold:   162        SH:  0    Dex: 12    Spells: 8/18 levels left

rFire   . . .        d - +2 scythe (freeze)
rCold   . . .        (shield currently unavailable)
rNeg    . . .        (helmet restricted)
rPois   .            (no amulet)
rElec   .            (no ring)
rCorr   .            (no ring)
SInv    .            (no ring)
Will    .....        (no ring)
Stlth   ++++         (no ring)
HPRegen 0.26/turn    (no ring)
MPRegen 0.14/turn    (no ring)
                     (no ring)

%: no teleportation
@: no status effects
A: almost no armour, amphibious, 8 rings, camouflage 1, gelatinous body 1,
(nimble swimmer 1), tentacles
a: no special abilities


You were in the Dungeon.
You visited 1 branch You collected 162 gold pieces.

Inventory:

Hand Weapons
 d - a +2 scythe of freezing (weapon)
Wands
 c - a wand of flame (14)
 e - a wand of iceblast (6)
Scrolls
 f - a scroll of blinking
Potions
 a - 3 potions of magic


   Skills:
 + Level 3.9 Dodging
 + Level 5.0 Stealth
 * Level 6.8 Spellcasting
 * Level 5.0 Conjurations
 + Level 8.1 Fire Magic


You had 8 spell levels left.
You knew the following spells:

 Your Spells              Type           Power      Damage    Failure   Level
a - Foxfire               Conj/Fire      100%       2x1d9     1%          1
b - Scorch                Fire           74%        2d8       1%          2
c - Inner Flame           Hex/Fire       21%        N/A       6%          3
d - Flame Wave            Conj/Fire      31%        2d9       7%          4

Your spell library contained the following spells:

 Spells                   Type           Power      Damage    Failure   Level
 Volatile Blastmotes      Fire/Tloc      42%        2d13      6%          3


Dungeon Overview and Level Annotations

Branches:
Dungeon (1/1)

Altars:
Sif Muna
Vehumet
Wu Jian


Innate Abilities, Weirdness & Mutations

You cannot wear most types of armour.
You are amphibious.
You can wear up to eight rings at the same time.
Your skin changes colour to match your surroundings (Stealth+).
Your rubbery body absorbs attacks. (AC +1, EV +1)
((You are camouflaged when in or above water. (Stealth+)))
You have tentacles for arms and can constrict up to eight enemies at once.


Message History

Confirm with . or Enter, or press ? or * to list all spells.
Aiming: Inner Flame (dangerous; 6% risk of failure)
Press: ? - help, Dir - move target, f - centaur warrior, p - centaur warrior
Aim: a centaur warrior (chance to affect: 61%)
The centaur warrior resists with significant effort.
The centaur warrior is engulfed in blazing flames.
Flame seeps out of the centaur warrior.
The centaur warrior hits you! The centaur warrior misses you.
The centaur warrior is engulfed in blazing flames.
Flame seeps out of the centaur warrior.
The centaur warrior hits you!
* * * LOW HITPOINT WARNING * * *
The centaur warrior closely misses you.
Unknown command.
Unknown command.
Unknown command.
Okay, then.
Unknown command.
Unknown command.
Unknown command.
Unknown command.
Unknown command.
Unknown command.
Unknown command.
Press: ? - help, v - describe, . - travel, g - get item
Here: a centaur warrior (flame, severely wounded, inner flame) Item here: 3 stones.
The floor.
Unknown command.
Unknown command.
Unknown command.
You feel better.
The centaur warrior is engulfed in blazing flames.
Flame seeps out of the centaur warrior.
The centaur warrior closely misses you.
The centaur warrior kicks you but does no damage.
Casting: Inner Flame (dangerous; 6% risk of failure)
Confirm with . or Enter, or press ? or * to list all spells.
You conjure some foxfire!
The centaur warrior hits you!
* * * LOW HITPOINT WARNING * * *
The centaur warrior kicks you.
You die...

################
#<.#..)..#..'..#
#..)..#..'[.#vv+
#..#####'#####@#
#..# #..# #c#
#..# #### #c#
#..# #_J§~§~§§
#⌠⌠# ..._#~§c.§
#### #_.#+##'##
##+ [[ ##


You could see 2 centaur warriors and a jelly.

Vanquished Creatures
  Sigmund (D)
  An ogre (D)
  Ijyb (D)
3 creatures vanquished.

Vanquished Creatures (others)
  11 foxfires (D)
11 creatures vanquished.

Grand Total: 14 creatures vanquished

Notes
Turn   | Place    | Note
-------+----------+-------------------------------------------
     0 | D        | Conn the Octopode Fire Elementalist began the quest for the
                  | Orb.
     0 | D        | Reached XP level 1. HP: 11/11 MP: 3/3
     2 | D        | Noticed Ijyb
    20 | D        | Killed Ijyb
    21 | D        | Reached skill level 4 in Fire Magic
    21 | D        | Reached XP level 2. HP: 13/17 MP: 0/6
    21 | D        | Reached XP level 3. HP: 17/21 MP: 0/7
    86 | D        | Learned a level 2 spell: Scorch
    90 | D        | Learned a level 3 spell: Inner Flame
   101 | D        | Noticed an ogre
   105 | D        | Killed an ogre
   106 | D        | Reached skill level 6 in Fire Magic
   106 | D        | Reached XP level 4. HP: 27/27 MP: 2/10
   177 | D        | Learned a level 4 spell: Flame Wave
   177 | D        | Noticed Sigmund
   183 | D        | Killed Sigmund
   184 | D        | Reached skill level 5 in Stealth
   184 | D        | Reached skill level 5 in Conjurations
   184 | D        | Reached skill level 8 in Fire Magic
   184 | D        | Reached XP level 5. HP: 27/31 MP: 2/14
   184 | D        | Reached XP level 6. HP: 31/36 MP: 2/15
   288 | D        | Found an ornate altar of the Wu Jian Council.
   288 | D        | Found a shimmering blue altar of Sif Muna.
   290 | D        | Found a radiant altar of Vehumet.
   294 | D        | Noticed a centaur warrior
   298 | D        | Noticed a centaur warrior
   303 | D        | Slain by a centaur warrior

Illustrated notes

Levels and vault maps discovered:
D:        dungeon_sprint_1 [red_sonja_temple_1, red_sonja_temple_small_1]

Skill      XL: |  1  2  3  4 |
---------------+-------------+-----
Stealth        | 3 4 5 |  5.0
Spellcasting   | 3 4 6 |  6.8
Conjurations   | 2 3 5 |  5.0
Fire Magic     | 4 6 8 |  8.1
Dodging        | 3 |  3.9

Action                     |  1- 3 |  4- 6 || total
---------------------------+-------+-------++-------
  Melee: Unarmed           |     5 |       ||     5
         Tentacles         |     2 |       ||     2
         Constrict         |     1 |       ||     1
         Halberd           |       |     1 ||     1
   Cast: Foxfire           |     4 |     4 ||     8
         Scorch            |     2 |     3 ||     5
         Inner Flame       |       |     2 ||     2
    Use: Potion            |     3 |     1 ||     4
 Armour: Skin              |       |     1 ||     1
  Dodge: Dodged            |     2 |     7 ||     9

Table legend: (Time is in decaauts)
 A = Elapsed time spent in this place.
 B = Non-inter-level travel time spent in this place.
 C = Inter-level travel time spent in this place.
 D = Time resting spent in this place.
 E = Time spent auto-exploring this place.
 F = Levels seen in this place.
 G = Mean time per level.
                   A        B        C        D        E       F      G
               +--------+--------+--------+--------+--------+-----+--------+
         Total |    299 |    299 |      0 |    194 |      0 |   1 |  299.0 |
       Dungeon |    299 |    299 |      0 |    194 |      0 |   1 |  299.0 |
               +--------+--------+--------+--------+--------+-----+--------+

Top non-repeatable levels by time:
       D: 299 daAuts
